[Event "Catalan Youth Championship 2024"]
[Site "Cambrils"]
[Date "2024.03.26"]
[Round "6.13"]
[White "Salinas Tomas, Daniel"]
[Black "Sviridenko, Yaroslav"]
[Result "1-0"]
[ECO "D30"]
[WhiteElo "2386"]
[BlackElo "1961"]
[Annotator "RC"]
[PlyCount "131"]
[EventDate "2024.03.13"]
[EventType "swiss"]
[EventCountry "ESP"]
[SourceTitle "playchess.com"]
[Source "ChessBase"]
[SourceQuality "1"]
[TimeControl "5400+30"]

1. Nf3 Nf6 2. g3 d5 3. Bg2 c5 4. O-O h6 5. c4 e6 6. d4 Nc6 7. cxd5 exd5 8. a3 Be6 9. dxc5 Bxc5 10. b4 Be7 11. Bb2 O-O 12. Nbd2 a6 13. Nb3 Qd7 14. Nfd4 Rac8 15. Nxe6 Qxe6 16. Bxf6 Bxf6 17. Bxd5 Qe7 18. Ra2 b6 19. Qd3 a5 20. bxa5 Nxa5 21. Qb5 Rfd8 22. Rd1 Nxb3 23. Qxb3 Rc3 24. Qb4 Qc7 25. a4 h5 26. Rad2 h4 27. Qe4 hxg3 28. hxg3 Be7 29. Rd3 Rxd3 30. Rxd3 Bc5 31. Kg2 Qe7 32. Qxe7 Bxe7 33. e4 Kf8 34. Rc3 Rd7 35. Rc8+ Bd8 36. Ra8 Ke7 37. Kf3 f5 38. Ke3 fxe4 39. Kxe4 Kd6 40. Bc4 Bf6 41. Bb5 Re7+ 42. Kd3 Kc5 43. Rc8+ Kb4 44. Rc4+ Ka5 45. f4 Re1 46. g4 Ba1 47. g5 Bb2 48. Kd2 Re7 49. Kd3 Re1 50. Kc2 Ba1 51. Kd2 Re7 52. f5 Bb2 53. Rf4 Ba1 54. Kd3 Bb2 55. Rf2 Ba1 56. Kc4 Re3 57. f6 gxf6 58. gxf6 Bxf6 59. Rxf6 Rf3 60. Re6 Re3 61. Kd5 Rh3 62. Re7 Rh5+ 63. Kd6 Rh6+ 64. Kc7 Rh1 65. Kb7 Rh6 66. Re5 1-0

[Event "Catalan Youth Championship 2024"]
[Site "Cambrils"]
[Date "2024.03.26"]
[Round "6.14"]
[White "Anguera Staina, Maxim"]
[Black "Fernandez Climent, Albert"]
[Result "1-0"]
[ECO "A07"]
[WhiteElo "2020"]
[BlackElo "1978"]
[Annotator "RC"]
[PlyCount "69"]
[EventDate "2024.03.13"]
[EventType "swiss"]
[EventCountry "ESP"]
[SourceTitle "playchess.com"]
[Source "ChessBase"]
[SourceQuality "1"]
[TimeControl "5400+30"]

1. Nf3 d5 2. g3 Nf6 3. Bg2 Bf5 4. O-O e6 5. d3 h6 6. b3 a5 7. a3 Be7 8. Nbd2 O-O 9. Bb2 Nbd7 10. Re1 Nc5 11. Ne5 c6 12. e4 dxe4 13. Nxe4 Bxe4 14. dxe4 Qxd1 15. Raxd1 Rfd8 16. Rxd8+ Rxd8 17. Nc4 Bf8 18. e5 Ne8 19. Nxa5 Nc7 20. b4 Ra8 21. Rb1 Ra7 22. c4 Nd3 23. Bc3 b6 24. Rd1 bxa5 25. Rxd3 axb4 26. axb4 Ra3 27. Bxc6 Kh7 28. b5 g6 29. Rf3 Kg7 30. Bd4 Ra4 31. b6 Rxc4 32. bxc7 Rc1+ 33. Kg2 Rxc6 34. Rc3 Rxc3 35. Bxc3 1-0

[Event "Catalan Youth Championship 2024"]
[Site "Cambrils"]
[Date "2024.03.26"]
[Round "6.15"]
[White "Blasco Cardona, Pol"]
[Black "Montes Molina, Ivan"]
[Result "0-1"]
[ECO "D00"]
[WhiteElo "1966"]
[BlackElo "2100"]
[Annotator "RC"]
[PlyCount "70"]
[EventDate "2024.03.13"]
[EventType "swiss"]
[EventCountry "ESP"]
[SourceTitle "playchess.com"]
[Source "ChessBase"]
[SourceQuality "1"]
[TimeControl "5400+30"]

1. d4 Nf6 2. Nc3 d5 3. Bf4 g6 4. e3 Bg7 5. Nb5 Na6 6. h3 O-O 7. Nf3 Ne4 8. Be2 c6 9. Nc3 Qa5 10. O-O Nxc3 11. bxc3 Qxc3 12. Rb1 c5 13. Rb3 Qa5 14. c4 cxd4 15. cxd5 Qxd5 16. exd4 Bd7 17. Qb1 Bf5 18. Qb2 Nc5 19. Rb5 a6 20. Ra5 b5 21. Qa3 Ne6 22. Be3 Qb7 23. Nd2 Nxd4 24. Bxd4 Bxd4 25. Bf3 Qb6 26. Bxa8 Rxa8 27. Qf3 Rd8 28. Nb3 Bb2 29. a4 Be6 30. axb5 Bxb3 31. Rxa6 Qxb5 32. Ra8 Rxa8 33. Qxa8+ Kg7 34. Qe4 e5 35. Rb1 Ba2 0-1

[Event "Catalan Youth Championship 2024"]
[Site "Cambrils"]
[Date "2024.03.26"]
[Round "6.16"]
[White "Benseny Martinez, Guerau"]
[Black "Silva Cerda, Mark Valentin"]
[Result "1-0"]
[ECO "B23"]
[WhiteElo "1986"]
[BlackElo "1900"]
[Annotator "RC"]
[PlyCount "63"]
[EventDate "2024.03.13"]
[EventType "swiss"]
[EventCountry "ESP"]
[SourceTitle "playchess.com"]
[Source "ChessBase"]
[SourceQuality "1"]
[TimeControl "5400+30"]

1. e4 c5 2. Nc3 d6 3. d4 cxd4 4. Qxd4 Nc6 5. Qd2 g6 6. b3 Bh6 7. f4 e5 8. g3 Nf6 9. Bb2 O-O 10. O-O-O Be6 11. Kb1 a5 12. a4 Nb4 13. Bh3 Qc8 14. Bxe6 Qxe6 15. Nf3 Rfc8 16. Ng5 Bxg5 17. fxg5 Ne8 18. Rc1 Nc7 19. Rhf1 Qe7 20. Rcd1 Rd8 21. Ba3 b5 22. axb5 Ne6 23. Na4 d5 24. exd5 Rab8 25. d6 Qd7 26. c3 Na6 27. c4 Nd4 28. Qe3 Re8 29. Nc3 Nc7 30. dxc7 Qxc7 31. Nd5 Qb7 32. Nf6+ 1-0

[Event "Catalan Youth Championship 2024"]
[Site "Cambrils"]
[Date "2024.03.26"]
[Round "6.17"]
[White "Serrahima Susany, Ramon"]
[Black "Ano Pla, Gerard"]
[Result "1/2-1/2"]
[ECO "B33"]
[WhiteElo "2029"]
[BlackElo "2230"]
[Annotator "RC"]
[PlyCount "60"]
[EventDate "2024.03.13"]
[EventType "swiss"]
[EventCountry "ESP"]
[SourceTitle "playchess.com"]
[Source "ChessBase"]
[SourceQuality "1"]
[TimeControl "5400+30"]

1. e4 c5 2. Nf3 Nc6 3. d4 cxd4 4. Nxd4 Nf6 5. Nc3 e5 6. Ndb5 d6 7. Bg5 a6 8. Na3 b5 9. Nd5 Be7 10. Bxf6 Bxf6 11. c4 b4 12. Nc2 a5 13. Qf3 Bg5 14. Be2 O-O 15. h4 Bh6 16. g4 Bf4 17. Nxf4 exf4 18. Qxf4 Ne5 19. Ne3 Re8 20. Rd1 Bb7 21. f3 Qc7 22. h5 d5 23. Kf1 dxe4 24. fxe4 Ra6 25. Kg2 Rf6 26. Nf5 Qc8 27. Kg3 Qb8 28. g5 Rfe6 29. h6 Bxe4 30. Nxg7 Bxh1 1/2-1/2

[Event "Catalan Youth Championship 2024"]
[Site "Cambrils"]
[Date "2024.03.26"]
[Round "6.18"]
[White "Funes Ostos, Aitor"]
[Black "Porta Isant, Lluis"]
[Result "1-0"]
[ECO "A18"]
[WhiteElo "2125"]
[BlackElo "2115"]
[Annotator "RC"]
[PlyCount "59"]
[EventDate "2024.03.13"]
[EventType "swiss"]
[EventCountry "ESP"]
[SourceTitle "playchess.com"]
[Source "ChessBase"]
[SourceQuality "1"]
[TimeControl "5400+30"]

1. c4 Nf6 2. Nc3 e6 3. e4 Bb4 4. e5 Ng8 5. Qg4 g6 6. d4 h5 7. Qd1 b6 8. Nf3 Bb7 9. Be2 Bxc3+ 10. bxc3 d6 11. Bg5 Qc8 12. O-O dxe5 13. dxe5 c5 14. Qd2 Nd7 15. Rad1 Ne7 16. Bxe7 Kxe7 17. Qg5+ Ke8 18. Rd6 Qd8 19. Qf4 Qe7 20. Rfd1 g5 21. Nxg5 Nf8 22. Ne4 Bxe4 23. Qxe4 Rc8 24. Bf3 Ng6 25. Rd7 Qxd7 26. Rxd7 Kxd7 27. Qb7+ Kd8 28. Qxf7 Ne7 29. Qxe6 Rg8 30. Qd6+ 1-0

[Event "Catalan Youth Championship 2024"]
[Site "Cambrils"]
[Date "2024.03.26"]
[Round "6.19"]
[White "Valle Luis, Leo"]
[Black "Chiva Perez, Ferran"]
[Result "1-0"]
[ECO "C02"]
[WhiteElo "2230"]
[BlackElo "2025"]
[Annotator "RC"]
[PlyCount "48"]
[EventDate "2024.03.13"]
[EventType "swiss"]
[EventCountry "ESP"]
[SourceTitle "playchess.com"]
[Source "ChessBase"]
[SourceQuality "1"]
[TimeControl "5400+30"]

1. e4 e6 2. d4 d5 3. e5 c5 4. c3 Nc6 5. Nf3 Nge7 6. Na3 Bd7 7. Bd3 cxd4 8. cxd4 Nb4 9. Bb1 Nf5 10. O-O Be7 11. Bd2 a5 12. Qe2 O-O 13. Nb5 Qb6 14. a4 Bxb5 15. Qxb5 Qxb5 16. axb5 Rfc8 17. Bc3 g5 18. g4 Ng7 19. Kg2 f5 20. exf6 Bxf6 21. Rh1 h5 22. h3 b6 23. Bg6 Rc4 24. Rhe1 Nd3 1-0

[Event "Catalan Youth Championship 2024"]
[Site "Cambrils"]
[Date "2024.03.26"]
[Round "6.20"]
[White "Sanchez Aguilar, Arnau"]
[Black "Carnicer Rovira, Francesc"]
[Result "1-0"]
[ECO "A36"]
[WhiteElo "2168"]
[BlackElo "1782"]
[Annotator "RC"]
[PlyCount "65"]
[EventDate "2024.03.13"]
[EventType "swiss"]
[EventCountry "ESP"]
[SourceTitle "playchess.com"]
[Source "ChessBase"]
[SourceQuality "1"]
[TimeControl "5400+30"]

1. e4 c5 2. c4 g6 3. Nc3 Nc6 4. d3 Bg7 5. g3 d6 6. Bg2 Bd7 7. Nge2 e6 8. O-O Nge7 9. Be3 a6 10. d4 Na5 11. b3 Rc8 12. Qd3 Qc7 13. Rfd1 b6 14. Rac1 Nb7 15. f4 f5 16. e5 dxe5 17. dxe5 Bc6 18. Bf2 Rd8 19. Qe3 Kf7 20. Bf3 g5 21. Bxc6 Nxc6 22. fxg5 Nxe5 23. b4 Ng4 24. Qf3 h5 25. b5 a5 26. Qc6 Be5 27. g6+ Ke7 28. Nf4 Bxf4 29. gxf4 Qxc6 30. Bh4+ Nf6 31. bxc6 Nd6 32. c7 Rc8 33. Bxf6+ 1-0

[Event "Catalan Youth Championship 2024"]
[Site "Cambrils"]
[Date "2024.03.26"]
[Round "6.21"]
[White "Martin Barcelo, Carles"]
[Black "Serrano Batova, Vicent"]
[Result "1/2-1/2"]
[ECO "B20"]
[WhiteElo "2234"]
[BlackElo "2104"]
[Annotator "RC"]
[PlyCount "121"]
[EventDate "2024.03.13"]
[EventType "swiss"]
[EventCountry "ESP"]
[SourceTitle "playchess.com"]
[Source "ChessBase"]
[SourceQuality "1"]
[TimeControl "5400+30"]

1. e4 c5 2. b3 Nc6 3. Bb2 e5 4. Bc4 d6 5. Ne2 Nf6 6. Nbc3 a6 7. a4 Na5 8. O-O g6 9. f4 Bg7 10. d3 O-O 11. Nd5 Nxc4 12. Nxf6+ Bxf6 13. dxc4 Bg4 14. f5 gxf5 15. exf5 e4 16. Bxf6 Qxf6 17. h3 Bxe2 18. Qxe2 Rae8 19. Rad1 Re5 20. g4 e3 21. Rd3 Rfe8 22. Rfd1 Qh4 23. Kh2 Re4 24. Rg1 Qe7 25. Rg3 Qe5 26. Kg2 Kh8 27. a5 Kg8 28. Rf3 f6 29. Rd5 Qc3 30. Rxd6 Rd4 31. Rxd4 cxd4 32. Rf4 Re7 33. h4 h6 34. Kf3 Qa1 35. Kg2 Qc3 36. g5 hxg5 37. hxg5 fxg5 38. Rg4 Kf8 39. Rxg5 Qd2 40. Kf3 Qxe2+ 41. Kxe2 Rh7 42. Rg2 Rh1 43. c3 dxc3 44. Kxe3 Rb1 45. Kd4 Rxb3 46. Rc2 Ra3 47. Rxc3 Rxa5 48. c5 Rb5 49. Re3 Kf7 50. Re6 a5 51. Kc4 Rb4+ 52. Kc3 Rb5 53. Kc4 Rb4+ 54. Kd5 a4 55. c6 Rb5+ 56. Kc4 bxc6 57. Rxc6 Rxf5 58. Ra6 Rf6 59. Rxa4 Rf4+ 60. Kb5 Rxa4 61. Kxa4 1/2-1/2

[Event "Catalan Youth Championship 2024"]
[Site "Cambrils"]
[Date "2024.03.26"]
[Round "6.22"]
[White "Gomez Navais, Marcal"]
[Black "Rocamora Martorell, Ferran"]
[Result "1/2-1/2"]
[ECO "C42"]
[WhiteElo "2086"]
[BlackElo "2118"]
[Annotator "RC"]
[PlyCount "50"]
[EventDate "2024.03.13"]
[EventType "swiss"]
[EventCountry "ESP"]
[SourceTitle "playchess.com"]
[Source "ChessBase"]
[SourceQuality "1"]
[TimeControl "5400+30"]

1. e4 e5 2. Nf3 Nf6 3. Nxe5 Nxe4 4. Qe2 Qe7 5. Qxe4 d6 6. d4 dxe5 7. dxe5 Nc6 8. Nc3 Qxe5 9. Qxe5+ Nxe5 10. Bf4 Bd6 11. Bg3 h5 12. O-O-O f6 13. Nb5 h4 14. Nxd6+ cxd6 15. Bf4 Ke7 16. h3 Bf5 17. b3 Rhc8 18. c4 b5 19. Kb2 bxc4 20. Bxe5 fxe5 21. Bxc4 Rc5 22. Rd2 Rb8 23. Ka3 Ra5+ 24. Kb2 Rc5 25. Ka3 Ra5+ 1/2-1/2

[Event "Catalan Youth Championship 2024"]
[Site "Cambrils"]
[Date "2024.03.26"]
[Round "6.23"]
[White "Olcina Monells, Jordi"]
[Black "Navajas Alvarez, Josep"]
[Result "1/2-1/2"]
[ECO "B33"]
[WhiteElo "1929"]
[BlackElo "1989"]
[Annotator "RC"]
[PlyCount "105"]
[EventDate "2024.03.13"]
[EventType "swiss"]
[EventCountry "ESP"]
[SourceTitle "playchess.com"]
[Source "ChessBase"]
[SourceQuality "1"]
[TimeControl "5400+30"]

1. e4 c5 2. Nf3 Nc6 3. d4 cxd4 4. Nxd4 Nf6 5. Nc3 e5 6. Ndb5 d6 7. Bg5 a6 8. Na3 b5 9. Nd5 Be7 10. Bxf6 Bxf6 11. c4 b4 12. Nc2 a5 13. g3 O-O 14. Bg2 Bg5 15. O-O Be6 16. Qd3 Ne7 17. Nce3 Bxe3 18. Nxe3 Qc7 19. Rac1 Rfd8 20. Rfd1 Rac8 21. h4 Qd7 22. Rd2 Rc5 23. Rcd1 Qc8 24. b3 Nc6 25. Kh2 Kh8 26. Qf1 Qc7 27. Rd3 Nd4 28. R1d2 f5 29. exf5 Bxf5 30. Nxf5 Nxf5 31. f4 Re8 32. Be4 Nd4 33. fxe5 dxe5 34. Rf2 Qd6 35. Rf7 Rcc8 36. Rd2 Nf3+ 37. Qxf3 Qxd2+ 38. Kh3 Qd6 39. Qh5 h6 40. Qf5 g6 41. Qxg6 Qxg6 42. Bxg6 Rf8 43. Ra7 Ra8 44. Re7 a4 45. bxa4 Rxa4 46. Rxe5 Rxa2 47. Rb5 Rb2 48. c5 Rc8 49. Bf7 Rc2 50. Rxb4 R2xc5 51. h5 Kg7 52. Bg6 R8c7 53. Rf4 1/2-1/2

[Event "Catalan Youth Championship 2024"]
[Site "Cambrils"]
[Date "2024.03.26"]
[Round "6.24"]
[White "Tortajada Marti, Pol"]
[Black "Vara Soler, Luis"]
[Result "1/2-1/2"]
[ECO "C50"]
[WhiteElo "1766"]
[BlackElo "1889"]
[Annotator "NA RC"]
[PlyCount "71"]
[EventDate "2024.03.13"]
[EventType "swiss"]
[EventCountry "ESP"]
[SourceTitle "playchess.com"]
[Source "ChessBase"]
[SourceQuality "1"]
[TimeControl "5400+30"]

1. e4 e5 2. Nf3 Nc6 3. Bc4 Bc5 4. O-O Nf6 5. d4 Bxd4 6. Nxd4 Nxd4 7. Bg5 d6 8. f4 Qe7 9. Nc3 c6 10. fxe5 dxe5 11. Kh1 Be6 12. Bxe6 Qxe6 13. Bxf6 gxf6 $15 14. Ne2 Nxe2 15. Qxe2 Rg8 16. Rf5 Rg6 17. Qf2 b6 18. Rd1 Qe7 19. h3 Rd8 20. Rf1 Rd4 21. Rxf6 Rxf6 22. Qxf6 Qxf6 23. Rxf6 c5 24. Rh6 Rxe4 25. Rxh7 Ke7 26. h4 Rf4 27. Kg1 Kf6 28. Rh8 Rd4 29. Ra8 Rd7 30. Kf1 Kg6 31. Ke2 f5 32. g3 Kf6 33. Ke3 Rg7 34. Rf8+ Ke6 35. Re8+ Kd6 36. Kf3 1/2-1/2

[Event "Catalan Youth Championship 2024"]
[Site "Cambrils"]
[Date "2024.03.27"]
[Round "7.1"]
[White "Guiu Ruiz, Lluc"]
[Black "Caballero Mogilnikov, Liam"]
[Result "0-1"]
[ECO "B52"]
[WhiteElo "1613"]
[BlackElo "1659"]
[Annotator "NA RC"]
[PlyCount "110"]
[EventDate "2024.03.13"]
[EventType "swiss"]
[EventCountry "ESP"]
[SourceTitle "playchess.com"]
[Source "ChessBase"]
[SourceQuality "1"]
[TimeControl "5400+30"]

1. e4 c5 2. Nf3 d6 3. Bb5+ Bd7 4. Bxd7+ Qxd7 5. c4 Nc6 6. d4 cxd4 7. Nxd4 Nf6 8. Nc3 g6 9. f3 Bg7 10. Be3 O-O 11. O-O Rfc8 12. b3 Nxd4 13. Bxd4 Rc6 14. Qd3 e6 15. Rac1 a6 16. Rfd1 Rac8 17. e5 dxe5 18. Bxe5 Qxd3 19. Rxd3 b5 20. cxb5 axb5 21. Rcd1 b4 22. Nb5 Rc1 23. Nd6 Rxd1+ 24. Rxd1 Rd8 25. Kf2 Ng4+ 26. fxg4 Bxe5 27. Nxf7 Rxd1 28. Nxe5 Rd2+ 29. Kf3 Rxa2 30. Nc4 Rc2 31. Na5 Kf7 32. Ke4 Rxg2 33. Nc6 Rxh2 34. Kd4 Rh4 35. Kc5 Ke8 36. Nxb4 Rxg4 37. Nc6 Rg5+ 38. Kc4 Kd7 39. Nd4 Rg4 40. Kc5 Rxd4 41. Kxd4 Kc6 42. Ke5 Kb5 43. Kxe6 h5 44. Ke5 g5 45. Kf5 g4 46. Ke4 g3 47. Kf3 h4 48. Kg2 Kb4 49. Kh3 Kxb3 50. Kg2 Kc2 51. Kh3 Kd2 52. Kg2 Ke2 53. Kg1 h3 54. Kh1 g2+ 55. Kg1 Kf3 0-1

[Event "Catalan Youth Championship 2024"]
[Site "Cambrils"]
[Date "2024.03.27"]
[Round "7.2"]
[White "Garcia Huerta, Joaquin Marc"]
[Black "Perez Monakhov, Andres"]
[Result "1/2-1/2"]
[ECO "B06"]
[WhiteElo "1617"]
[BlackElo "1765"]
[Annotator "NA RC"]
[PlyCount "135"]
[EventDate "2024.03.13"]
[EventType "swiss"]
[EventCountry "ESP"]
[SourceTitle "playchess.com"]
[Source "ChessBase"]
[SourceQuality "1"]
[TimeControl "5400+30"]

1. e4 g6 2. d4 Bg7 3. Nc3 d6 4. Be3 Nf6 5. h3 Nc6 6. f4 d5 7. e5 Ne4 8. Nxe4 dxe4 9. c4 e6 10. Ne2 Ne7 11. g3 Nf5 12. Qd2 b6 13. Bg2 Bb7 14. O-O h5 15. Kh2 h4 16. g4 Ng3 17. Rf2 Qe7 18. Rd1 O-O-O 19. a4 g5 20. b4 gxf4 21. Bxf4 Qd7 22. a5 Qc6 23. a6 Ba8 24. c5 b5 25. Nxg3 hxg3+ 26. Bxg3 Rhf8 27. Re2 Qxa6 28. Bxe4 Bd5 29. Bxd5 Rxd5 30. Qa2 Qxa2 31. Rxa2 Kb8 32. Bf2 Bxe5+ 33. Kg2 Rfd8 34. Rad2 Bf4 35. Rd3 Bh6 36. Rf3 R8d7 37. c6 Re7 38. Bh4 Bg5 39. Bxg5 Rxg5 40. Kg3 f5 41. d5 Rg8 42. dxe6 fxg4 43. hxg4 Rxe6 44. Rd5 a6 45. Kh4 Rxc6 46. g5 Rc4+ 47. Kh5 Rxb4 48. g6 Rb1 49. Rdd3 Rh1+ 50. Rh3 Rh8+ 51. Kg4 R1xh3 52. Rxh3 Rg8 53. Kg5 Kb7 54. Kf6 Kb6 55. Kf7 Rxg6 56. Kxg6 c5 57. Kf5 b4 58. Ke4 Kb5 59. Kd3 a5 60. Kc2 a4 61. Rh5 Kb6 62. Kb2 c4 63. Rh1 a3+ 64. Ka2 Kb5 65. Rh8 Kc5 66. Rh4 Kb5 67. Rh8 Kc6 68. Rh5 1/2-1/2

[Event "Catalan Youth Championship 2024"]
[Site "Cambrils"]
[Date "2024.03.27"]
[Round "7.3"]
[White "Garcia Corpas, Nicolas"]
[Black "Serradell Munoz, Silvia"]
[Result "1-0"]
[ECO "B27"]
[WhiteElo "1679"]
[BlackElo "1564"]
[Annotator "NA RC"]
[PlyCount "77"]
[EventDate "2024.03.13"]
[EventType "swiss"]
[EventCountry "ESP"]
[SourceTitle "playchess.com"]
[Source "ChessBase"]
[SourceQuality "1"]
[TimeControl "5400+30"]

1. e4 c5 2. Nf3 g6 3. c3 d5 4. e5 Bf5 5. d4 e6 6. Be2 Ne7 7. O-O Nec6 8. Be3 Be7 9. dxc5 Nd7 10. Bb5 Nxc5 11. Nd4 Qd7 12. b4 Na6 13. Nxc6 bxc6 14. Bxa6 h5 15. Bd3 Bxd3 16. Qxd3 Qc7 17. f4 h4 18. h3 Rg8 19. Nd2 g5 20. fxg5 Qxe5 21. Bf4 Qg7 22. Nf3 f6 23. g6 e5 24. Nxh4 exf4 25. Rae1 Kf8 26. Qf3 Re8 27. Qxf4 Rh8 28. Rxe7 Rxe7 29. Nf5 Qxg6 30. Nxe7 Kxe7 31. Qc7+ Kf8 32. Qd8+ Kg7 33. Qd7+ Kf8 34. Qxc6 Kg7 35. Qd7+ Kf8 36. Qxd5 Rxh3 37. Qd8+ Kf7 38. Qd7+ Kf8 39. Qxh3 1-0

[Event "Catalan Youth Championship 2024"]
[Site "Cambrils"]
[Date "2024.03.27"]
[Round "7.4"]
[White "Mumbru Borges, Marc"]
[Black "Saltos Macias, Gael"]
[Result "0-1"]
[ECO "B03"]
[WhiteElo "1458"]
[BlackElo "1630"]
[Annotator "NA RC"]
[PlyCount "120"]
[EventDate "2024.03.13"]
[EventType "swiss"]
[EventCountry "ESP"]
[SourceTitle "playchess.com"]
[Source "ChessBase"]
[SourceQuality "1"]
[TimeControl "5400+30"]

1. e4 Nf6 2. e5 Nd5 3. d4 d6 4. Nf3 Bg4 5. Be2 Nc6 6. O-O dxe5 7. dxe5 e6 8. Bf4 Nxf4 9. Nbd2 Qd7 10. Re1 O-O-O 11. Bc4 Ng6 12. Bb5 Bc5 13. Qc1 Qd5 14. c4 Qd7 15. Rd1 Bxf3 16. Nxf3 Qxd1+ 17. Qxd1 Rxd1+ 18. Rxd1 Rd8 19. Re1 Nd4 20. Ng5 Nxb5 21. cxb5 Bb4 22. Rf1 Nxe5 23. f4 Bc5+ 24. Kh1 Nd3 25. Nxf7 Rf8 26. Ng5 Rxf4 27. Rxf4 Nxf4 28. g3 h6 29. gxf4 hxg5 30. fxg5 Kd7 31. Kg2 Ke7 32. Kf3 Kf7 33. Ke4 Bd6 34. h4 Kg6 35. a4 b6 36. b4 Kh5 37. a5 bxa5 38. bxa5 Kxh4 39. b6 cxb6 40. axb6 axb6 41. g6 Kg5 42. Kd4 Kxg6 43. Ke4 Kh5 44. Kf3 b5 45. Kg2 b4 46. Kf3 b3 47. Ke4 b2 48. Kd4 b1=Q 49. Kc4 Qb4+ 50. Kd3 Bf8 51. Kc2 Qd4 52. Kb3 Qc5 53. Kb2 Qc4 54. Ka1 Qb4 55. Ka2 Kg4 56. Ka1 Kf3 57. Ka2 Ke3 58. Ka1 Kd2 59. Ka2 Kc2 60. Ka1 Qb2# 0-1

[Event "Catalan Youth Championship 2024"]
[Site "Cambrils"]
[Date "2024.03.27"]
[Round "7.5"]
[White "Hijarrubia Alvarez-Cuevas, Gonzalo"]
[Black "Bru Montoya, Pau"]
[Result "1-0"]
[ECO "C45"]
[WhiteElo "1827"]
[BlackElo "1850"]
[Annotator "NA RC"]
[PlyCount "69"]
[EventDate "2024.03.13"]
[EventType "swiss"]
[EventCountry "ESP"]
[SourceTitle "playchess.com"]
[Source "ChessBase"]
[SourceQuality "1"]
[TimeControl "5400+30"]

1. e4 e5 2. Nf3 Nc6 3. d4 exd4 4. Nxd4 Bb4+ 5. c3 Bc5 6. Be3 Bb6 7. Nf5 Bxe3 8. Nxe3 Nf6 9. Bd3 O-O 10. c4 $14 Re8 11. Nc3 b6 12. O-O Bb7 13. f3 d6 14. Qd2 Ne5 15. Rfe1 Nh5 16. Bf1 Qg5 17. Kh1 Re6 18. Rad1 Rh6 19. Nf5 Qxd2 20. Rxd2 Rf6 21. b3 Kf8 22. Nb5 g6 23. Ne3 Rc8 24. Nxa7 Rd8 25. Nb5 c6 26. Nc3 Nf4 27. Red1 Ke7 28. Na4 h5 29. Nxb6 Rh8 30. c5 dxc5 31. Nbc4 Re6 32. Nxe5 Rxe5 33. Rd7+ Kf6 34. Rxb7 h4 35. Ng4+ 1-0

[Event "Catalan Youth Championship 2024"]
[Site "Cambrils"]
[Date "2024.03.27"]
[Round "7.6"]
[White "Tallada Serret, Gerard"]
[Black "Presas Gharbi, Rayan"]
[Result "1-0"]
[ECO "B22"]
[WhiteElo "2085"]
[BlackElo "1705"]
[Annotator "NA RC"]
[PlyCount "53"]
[EventDate "2024.03.13"]
[EventType "swiss"]
[EventCountry "ESP"]
[SourceTitle "playchess.com"]
[Source "ChessBase"]
[SourceQuality "1"]
[TimeControl "5400+30"]

1. e4 c5 2. Nf3 e6 3. c3 Nf6 4. e5 Nd5 5. d4 cxd4 6. cxd4 b6 7. Bd3 Ba6 8. O-O Be7 9. Nc3 Nxc3 10. bxc3 Bxd3 11. Qxd3 O-O 12. Bf4 d5 (12... Qe8 $14) 13. exd6 Bxd6 14. Qe4 $2 (14. Ng5 $1 $18 g6 15. Qh3) 14... Na6 15. Ng5 $14 g6 16. Bd2 Be7 17. Qh4 h5 18. Qg3 Nc5 19. Rfe1 Nd7 20. Nxe6 fxe6 21. Qxg6+ Kh8 22. Qxh5+ Kg8 23. Qg6+ Kh8 24. Re3 Bh4 25. Rh3 Rxf2 26. Bg5 Rxg2+ 27. Kxg2 1-0

[Event "Catalan Youth Championship 2024"]
[Site "Cambrils"]
[Date "2024.03.27"]
[Round "7.7"]
[White "Perez Llaurado, Adria"]
[Black "Villa Peiro, Joan"]
[Result "0-1"]
[ECO "C01"]
[WhiteElo "1749"]
[BlackElo "1720"]
[Annotator "NA RC"]
[PlyCount "54"]
[EventDate "2024.03.13"]
[EventType "swiss"]
[EventCountry "ESP"]
[SourceTitle "playchess.com"]
[Source "ChessBase"]
[SourceQuality "1"]
[TimeControl "5400+30"]

1. e4 e6 2. d4 d5 3. Bd3 dxe4 4. Bxe4 Nf6 5. Bf3 Nbd7 6. Ne2 Bd6 7. c4 c6 8. Nbc3 O-O 9. O-O e5 10. Be3 Re8 11. g3 exd4 12. Qxd4 Bc5 13. Qf4 Bxe3 14. fxe3 Qb6 15. Nd1 Ne5 16. b3 Bh3 17. Bg2 Bxg2 18. Kxg2 Neg4 19. Nd4 Re4 20. Qf3 Nxe3+ 21. Nxe3 Qxd4 22. Nf5 Qb2+ 23. Kg1 Ng4 24. Rfe1 Rae8 25. Rxe4 Qxa1+ 26. Kg2 Qxa2+ 27. Kg1 Rxe4 0-1

[Event "Catalan Youth Championship 2024"]
[Site "Cambrils"]
[Date "2024.03.27"]
[Round "7.8"]
[White "Monclus Janssens, Jack"]
[Black "Berrozpe Gonzalez, Marc"]
[Result "1/2-1/2"]
[ECO "C56"]
[WhiteElo "1707"]
[BlackElo "1743"]
[Annotator "NA RC"]
[PlyCount "61"]
[EventDate "2024.03.13"]
[EventType "swiss"]
[EventCountry "ESP"]
[SourceTitle "playchess.com"]
[Source "ChessBase"]
[SourceQuality "1"]
[TimeControl "5400+30"]

1. e4 e5 2. Nf3 Nc6 3. d4 exd4 4. Bc4 Bc5 5. c3 Nf6 6. e5 d5 7. Bb5 Ne4 8. Nxd4 Bd7 9. Bxc6 bxc6 10. O-O O-O 11. f3 Ng5 12. f4 Ne4 13. Nd2 f5 14. Nxe4 fxe4 15. Be3 Qe7 16. Qd2 Bb6 17. Nb3 a5 18. a4 Be6 19. Qf2 Bxe3 20. Qxe3 Rfb8 21. Ra3 g6 22. Qc5 Qxc5+ 23. Nxc5 Kf7 24. b3 Rb6 25. Kf2 Bf5 26. Ke3 Ke7 27. h3 h5 28. h4 Rab8 29. Rd1 Bg4 30. Rd2 Bf5 31. Kd4 1/2-1/2

[Event "Catalan Youth Championship 2024"]
[Site "Cambrils"]
[Date "2024.03.27"]
[Round "7.9"]
[White "Alonso Gimenez, Mauro"]
[Black "Prada Villagrasa, Pau Manel"]
[Result "0-1"]
[ECO "B10"]
[WhiteElo "1980"]
[BlackElo "2103"]
[Annotator "RC"]
[PlyCount "120"]
[EventDate "2024.03.13"]
[EventType "swiss"]
[EventCountry "ESP"]
[SourceTitle "playchess.com"]
[Source "ChessBase"]
[SourceQuality "1"]
[TimeControl "5400+30"]

1. e4 c6 2. Nf3 d5 3. exd5 cxd5 4. Ne5 a6 5. d4 Nc6 6. c3 Nxe5 7. dxe5 Bf5 8. Bd3 Bxd3 9. Qxd3 e6 10. Nd2 Bc5 11. Nb3 Ba7 12. Be3 Qc7 13. Bxa7 Rxa7 14. Qe3 b6 15. O-O Ne7 16. Nd4 O-O 17. f4 Qc5 18. f5 exf5 19. Nxf5 Nc6 20. Kh1 Qxe3 21. Nxe3 Rd8 22. Rad1 Rad7 23. Rd2 Nxe5 24. Rfd1 b5 25. Rxd5 Rxd5 26. Nxd5 Kf8 27. Kg1 f5 28. Kf2 g5 29. h3 f4 30. Ke2 Rd6 31. b3 Kf7 32. a4 bxa4 33. bxa4 a5 34. h4 h6 35. hxg5 hxg5 36. Rd4 Rc6 37. g3 f3+ 38. Kf2 Ke6 39. g4 Rc5 40. Ne3 Rxc3 41. Rd8 Ra3 42. Re8+ Kd6 43. Rd8+ Kc6 44. Rc8+ Kb7 45. Rg8 Ra2+ 46. Kg3 Re2 47. Rg7+ Kc6 48. Nf5 Rg2+ 49. Kh3 Rxg4 50. Re7 Re4 51. Nd4+ Kd5 52. Nb5 Kc5 53. Nc3 Re1 54. Kg3 g4 55. Rc7+ Kd4 56. Nb5+ Ke3 57. Re7 Rg1+ 58. Kh2 f2 59. Rxe5+ Kf4 60. Re8 g3+ 0-1